Map: Frozen Temple

Players

Nickos - Winner!

  • Race: Zerg Zerg
  • League: Gold

emericanzero

  • Race: Zerg Zerg
  • League: Silver

VOD

Have the link to the VOD?

Description

Time

  • Played on: Sept. 22, 2016, 6:35 a.m.
  • Length: 9:11
Show
View Real Time Build Order
Export as new Build Order

Nickos Zerg - Winner!

Build Orders: Hatch First 

Get SALT Encoding   

  12  0:00  Drone  
  13  0:09  Drone  
  14  0:19  Overlord  
  14  0:43  Hatchery  
  13  0:50  Drone  
  13  0:51  Drone  
  13  0:53  Drone  
  16  0:58  Extractor  
  16  1:03  Drone  
  16  1:12  Drone  
  17  1:22  Spawning Pool  
  16  1:25  Drone  
  17  1:38  Drone  
  19  1:47  Drone  
  19  1:57  Overlord x2  
  19  2:06  Drone x2  
  21  2:10  Metabolic Boost  
  21  2:13  Queen  
  23  2:19  Drone  
  23  2:20  Drone  
  25  2:35  Overlord  
  25  2:37  Queen  
  25  2:40  Zergling x2  
  25  2:41  Zergling x2  
  25  2:44  Zergling x2  
  30  2:54  Roach Warren  
  30  2:55  Drone  
  30  2:57  Drone  
  31  3:08  Drone x2  
  33  3:13  Extractor  
  33  3:17  Drone x2  
  34  3:20  Overlord  
  34  3:25  Queen  
  36  3:29  Drone  
  37  3:48  Drone x2  
  37  3:49  Drone x2  
  40  3:55  Overlord  
  40  4:03  Overlord  
  40  4:04  Hatchery, Overlord  
  40  4:05  Drone  
  40  4:27  Overlord x2  
  40  4:29  Roach x5  
  50  4:40  Lair  
  50  4:48  Roach x5  
  60  5:05  Roach x5  
  70  5:15  Roach  
  70  5:17  Spore Crawler  
  70  5:18  Spore Crawler  
  70  5:40  Roach x3  
  76  5:46  Roach  
  70  6:10  Roach x2  
  72  6:11  Zergling x16  
  72  6:33  Zergling x4  
  72  6:35  Zergling x6  
  77  6:46  Drone x3  
  78  6:51  Drone x7  
  83  7:15  Extractor  
  81  7:34  Spire  
  78  7:37  Spore Crawler  
  78  7:38  Spore Crawler  
  78  7:40  Spore Crawler  
  72  7:56  Roach x8  
  72  7:57  Zergling x10  
  72  7:58  Overlord  
  89  8:06  Queen  
  87  8:52  Overlord x2  
  87  8:55  Extractor  
  92  8:56  Drone x4  
  92  8:57  Drone x4  
Show
View Real Time Build Order
Export as new Build Order

emericanzero Zerg 

Build Orders: Hatch First 

Get SALT Encoding   

  12  0:01  Drone  
  13  0:12  Overlord  
  13  0:17  Drone  
  13  0:20  Extractor  
  13  0:24  Drone  
  14  0:31  Drone  
  15  0:36  Drone  
  16  0:45  Drone  
  17  0:56  Drone  
  18  1:05  Hatchery  
  18  1:09  Drone  
  18  1:22  Spawning Pool  
  17  1:30  Drone x2  
  19  1:43  Drone  
  20  1:50  Drone  
  21  2:00  Overlord  
  21  2:14  Drone  
  22  2:16  Queen  
  24  2:27  Spine Crawler  
  24  2:28  Drone  
  24  2:29  Drone x2  
  26  2:44  Hatchery  
  26  2:49  Drone x4  
  29  2:53  Metabolic Boost  
  29  2:54  Drone  
  30  3:01  Spine Crawler  
  29  3:07  Drone, Spine Crawler  
  29  3:16  Drone  
  29  3:18  Drone, Spine Crawler  
  30  3:25  Drone x2  
  30  3:27  Drone  
  33  3:33  Drone  
  34  3:41  Lair  
  34  3:42  Drone  
  34  3:43  Drone  
  36  3:50  Extractor  
  36  3:51  Overlord  
  35  3:58  Overlord  
  35  3:59  Overlord x2  
  35  4:16  Drone  
  37  4:17  Drone x5  
  41  4:25  Drone x2  
  41  4:30  Drone  
  41  4:31  Drone x2  
  46  4:42  Drone x5  
  51  4:46  Zergling x2  
  52  4:55  Drone x3  
  52  4:57  Hydralisk Den  
  54  5:03  Extractor  
  54  5:05  Extractor  
  52  5:12  Zergling x8  
  56  5:17  Queen  
  57  5:34  Hydralisk x3  
  57  5:35  Hydralisk  
  65  5:41  Spire  
  64  5:51  Hydralisk  
  61  6:05  Hydralisk x2  
  61  6:06  Hydralisk  
  62  6:13  Hydralisk x2  
  61  6:28  Hydralisk x3  
  60  6:36  Hydralisk  
  60  6:37  Hydralisk x3  
  58  6:44  Hydralisk x2  
  58  6:48  Hydralisk  
  48  7:01  Mutalisk  
  36  7:35  Extractor  
  35  7:41  Spawning Pool  
  6  8:29  Drone x4  
  6  8:30  Drone x2  
  12  8:58  Spine Crawler  
  12  8:59  Spine Crawler x2  
Tags
 
Add a new tag
Caveats
  • Supply blocks, unpowered buildings, or Contaminate may cause inaccurate times.
  • Supply counts are checked every 10 seconds.